 Dungeon Crawl Stone Soup version 0.17.0-26-gececa24 (console) character file.

27 gw the Charlatan (level 2, -2/13 HPs)
             Began as a Felid Artificer on Nov 19, 2015.
             Slain by a hobgoblin
             ... wielding a +0 club
              (8 damage)
             ... on level 1 of the Dungeon.
             The game lasted 00:00:33 (1239 turns).

gw the Charlatan (Felid Artificer)                  Turns: 1239, Time: 00:00:33

Health: -2/13      AC:  1    Str:  7    XL:     2   Next: 93%
Magic:  5/5        EV: 18    Int: 13    God:
Gold:   43         SH:  0    Dex: 16    Spells: 0 memorised, 1 level left
                                        Lives:  0   Deaths: 0

rFire  . . .     SeeInvis +       - Unarmed
rCold  . . .     Clarity  +     (armour unavailable)
rNeg   . . .     SustAt   .     (shield unavailable)
rPois  .         Gourm    .     (helmet unavailable)
rElec  .         Spirit   .     (cloak unavailable)
rCorr  .         Warding  .     (gloves unavailable)
rMut   .         Stasis   .     (boots unavailable)
MR     .....                    h - amulet of clarity
Stlth  ++........               (no ring)
                                (no ring)

@: quick, not resistant to hostile enchantments, unstealthy
A: no armour, no weapons or thrown items, claws 1, fangs 3, see invisible,
carnivore 3, speed 1, shaggy fur 1, slow metabolism 1, sharp paws
a: no special abilities


You were on level 1 of the Dungeon.
You were full.

You visited 1 branch of the dungeon, and saw 1 of its levels.

You collected 43 gold pieces.

Inventory:

Jewellery
 h - an amulet of clarity (around neck)
Wands
 a - a wand of flame (10)
 b - a wand of enslavement (15)
 c - a wand of random effects (13)
Scrolls
 e - a scroll of recharging {unknown}
 g - a scroll of amnesia {unknown}
 k - a scroll of identify {unknown}
Potions
 i - a potion of lignification {unknown}
 j - 2 potions of curing {unknown}
Comestibles
 d - a meat ration
 f - 2 beef jerkies


   Skills:
 + Level 1.7 Fighting
 + Level 3.2 Dodging
 - Level 1.3 Stealth
 * Level 2.0 Unarmed Combat
 - Level 3.2 Evocations


You had one spell level left.
You didn't know any spells.

Dungeon Overview and Level Annotations

Branches:
Dungeon (1/15)

Altars:


Innate Abilities, Weirdness & Mutations

You cannot wear armour.
You are incapable of wielding weapons or throwing items.
You have sharp claws.
You have razor-sharp teeth.
You have supernaturally acute eyesight.
You are carnivorous and can eat meat at any time.
You cover ground quickly.
You are covered in fur (AC +1).
You have a slow metabolism.
Your sharp claws are effective at attacking unaware monsters.


Message History

Attempting RANGED ATTACK TO (0,2); ATTACKING (0,1)
You swing at nothing.
The hobgoblin closely misses you.
ATTACKING (0,1)
You scratch the hobgoblin but do no damage.
ATTACKING (0,1)
You barely miss the hobgoblin. The hobgoblin completely misses you.
ATTACKING (0,1)
You scratch the hobgoblin.
The hobgoblin is almost dead.
The hobgoblin hits you with a club.
ATTACKING (0,1)
You closely miss the hobgoblin.
The hobgoblin is almost dead.
The hobgoblin hits you with a club.
ATTACKING (0,1)
You scratch the hobgoblin but do no damage.
The hobgoblin is almost dead.
The hobgoblin hits you with a club!
Ouch! That really hurt!
You die...

..# #..# #.#.###
..#####################.###.#....
...........................>#....
............................+....
########################.##.#....
#...............).
#.########.#...... #######'###
#.#...... #......h..# #......##
#......g..# #.##..#####
#.........# ..........
#.........# [#####......
#.........# .........##7
#.........# ####....# #..........
#....777 #........... #.))....
#.............###....777


You could see a hobgoblin.

Table legend:
 A = Turns spent in this place as a percentage of turns spent in the entire game.
 B = Non-inter-level travel turns spent in this place as a percentage of non-inter-level travel turns spent in the entire game.
 C = Inter-level travel turns spent in this place as a percentage of turns spent in this place.
 D = Turns resting spent in this place as a percentage of non-inter-level travel turns spent in this place.
 E = Turns spent auto-exploring this place as a percentage of non-inter-level travel turns spent in this place.
 F = Non-inter-level travel turns spent in this place divided by the number of levels of this place that you've seen.
                   A       B       C       D       E      F
               +-------+-------+-------+-------+-------+----------------------
         Total | 100.0 | 100.0 |   0.4 |   0.8 |   2.3 | 1537.0
       Dungeon | 100.0 | 100.0 |   0.4 |   0.8 |   2.3 | 1537.0
               +-------+-------+-------+-------+-------+----------------------

Table legend:
 A = Kills in this place as a percentage of kills in entire the game.
 B = Kills by you in this place as a percentage of kills by you in the entire game.
 C = Kills by friends in this place as a percentage of kills by friends in the entire game.
 D = Other kills in this place as a percentage of other kills in the entire game.
 E = Experience gained in this place as a percentage of experience gained in the entire game.
 F = Experience gained in this place divided by the number of levels of this place that you have seen.
                   A       B       C       D       E      F
               +-------+-------+-------+-------+-------+----------------------
         Total | 100.0 | 100.0 |  -nan |  -nan | 100.0 |  39.0
       Dungeon | 100.0 | 100.0 |  -nan |  -nan | 100.0 |  39.0
               +-------+-------+-------+-------+-------+----------------------

Vanquished Creatures
  A gnoll (D:1)
  5 bats (D:1)
  2 giant cockroaches (D:1)
  2 hobgoblins (D:1)
  2 kobolds (D:1)
  A giant gecko (D:1)
  2 goblins (D:1)
  A rat (D:1)
16 creatures vanquished.

Notes
Turn   | Place    | Note
--------------------------------------------------------------
     0 | D:1      | gw the Felid Artificer began the quest for the Orb.
     0 | D:1      | Reached XP level 1. HP: 9/9 MP: 4/4
    35 | D:1      | Reached XP level 2. HP: 12/12 MP: 5/5
  1239 | D:1      | Slain by a hobgoblin

Action                   || total
-------------------------++-------
Melee: Unarmed           ||    43
Evoke: Wand              ||     7
 Stab: Sleeping          ||     3
  Eat: Chunk             ||     4

Vault maps used:
D:1:      scummos_arrival_forest
